 Dungeon Crawl Stone Soup version 0.29-a0-575-g0dc89cf053 (webtiles) character file.

Game seed: 8318872130750355623

411 spaghetti the Fighter (level 6, 0/61 HPs)
             Began as a Gnoll Wanderer on June 12, 2022.
             Was an Initiate of Yredelemnul.
             Slain by an orc
             ... wielding a +2 trident of venom
              (4 damage)
             ... on level 5 of the Dungeon.
             The game lasted 00:05:20 (3821 turns).

spaghetti the Fighter (Gnoll Wanderer)              Turns: 3821, Time: 00:05:20

Health: 0/61       AC:  4    Str: 15    XL:     6   Next: 90%
Magic:  9/9        EV: 12    Int:  9    God:    Yredelemnul [......]
Gold:   245        SH:  0    Dex: 12    Spells: 9/9 levels left

rFire   . . .      SeeInvis .   b - +2 whip (venom) {mace}
rCold   . . .      Faith    .   (no shield)
rNeg    . . .      Spirit   .   d - +0 leather armour
rPois   .          Reflect  .   (no helmet)
rElec   .          Harm     .   i - +0 cloak
rCorr   .          Rampage  .   (no gloves)
Will    .....                   (no boots)
Stlth   ++........              (no amulet)
HPRegen 0.20/turn               (no ring)
MPRegen 0.11/turn               (no ring)

@: lethally poisoned (0 -> -20), flying, invisible
A: fangs 1, strong nose, distributed training
a: Renounce Religion, Recall Undead Harvest


You were on level 5 of the Dungeon.
You worshipped Yredelemnul.
Yredelemnul was noncommittal.
You visited 1 branch of the dungeon, and saw 5 of its levels.

You collected 245 gold pieces.


Innate Abilities, Weirdness & Mutations

You have very sharp teeth.
Your uncanny sense of smell can sniff out nearby items.
Your experience applies equally to all skills.


   Skills:
 + Level 10.6 Fighting
 + Level 2.1 Short Blades
 + Level 2.1 Long Blades
 + Level 2.1 Axes
 + Level 2.1 Maces & Flails
 + Level 2.1 Polearms
 + Level 2.1 Staves
 + Level 2.1 Slings
 + Level 6.9 Bows
 + Level 2.1 Crossbows
 + Level 2.1 Throwing
 + Level 2.1 Armour
 + Level 2.1 Dodging
 + Level 4.7 Stealth
 + Level 2.1 Shields
 + Level 2.1 Unarmed Combat
 + Level 2.1 Spellcasting
 + Level 1.7 Conjurations
 + Level 1.7 Hexes
 + Level 1.7 Summonings
 + Level 1.7 Necromancy
 + Level 1.7 Translocations
 + Level 1.7 Transmutations
 + Level 1.7 Fire Magic
 + Level 1.7 Ice Magic
 + Level 1.7 Air Magic
 + Level 1.7 Earth Magic
 + Level 1.7 Poison Magic
 + Level 2.4 Invocations
 + Level 2.1 Evocations


You had 9 spell levels left.
You didn't know any spells.
Your spell library contained the following spells:

 Spells                   Type           Power      Damage    Failure   Level
 Apportation              Tloc           8%         N/A       21%         1
 Magic Dart               Conj           16%        1d3       21%         1
 Necrotize                Necr           16%        1d4       21%         1
 Summon Small Mammal      Summ           16%        N/A       21%         1
 Searing Ray              Conj           8%         2d4       30%         2
 Ignite Poison            Fire/Tmut/Pois 4%         N/A       52%         3
 Mephitic Cloud           Conj/Pois/Air  4%         N/A       52%         3
 Fulminant Prism          Conj/Hex       2%         3d6       89%         4
 Freezing Cloud           Conj/Ice/Air   2%         6-21      99%         5

Inventory:

Hand Weapons
 a - a +4 shortbow {bow}
 b - a +2 whip of venom (weapon) {mace}
   (You took it off a kobold on level 1 of the Dungeon)
 j - a +2 short sword of speed {short}
   (You took it off a kobold on level 4 of the Dungeon)
Missiles
 m - 85 stones (quivered) {throwing}
 o - 5 poisoned darts {throwing}
Armour
 d - a +0 leather armour (worn)
 i - a +0 cloak (worn)
 v - a +0 cloak
   (You found it on level 4 of the Dungeon)
Jewellery
 q - a ring of protection from fire
   (You found it on level 3 of the Dungeon)
 t - a ring of protection from cold
   (You found it on level 4 of the Dungeon)
Wands
 r - a wand of polymorph (10)
   (You found it on level 3 of the Dungeon)
 s - a wand of flame (9)
   (You took it off Blork the orc on level 4 of the Dungeon)
Scrolls
 c - 2 scrolls of silence {!r}
 l - 2 scrolls of immolation {unknown}
 n - a scroll of identify {unknown}
 p - a scroll of teleportation {unknown}
 x - a scroll of blinking {unknown}
Potions
 f - a potion of might
 g - a potion of flight
 h - 3 potions of brilliance {unknown}
 k - 2 potions of lignification {unknown}
 u - a potion of haste {@q3}
 w - a potion of mutation {unknown}

Dungeon Overview and Level Annotations

Branches:
Dungeon (5/15)             Temple (0/1) D:4

Altars:
Gozag
Yredelemnul

Shops:
D:1 !   D:4 ?

Annotations:
D:4 2 transporters

.# . . .#
#∆######.#
#.#...o..#
#..).....#
+..@o..#
#..)...#
#......#
######## ∆


You could see an orc priest (can't see you, extremely poisoned) and an orc
(can't see you).


Message History

Key pressed, stopping explore.
Key pressed, stopping explore.
You see here a +0 falchion {long}.
Key pressed, stopping explore.
There is a stone staircase leading up here.
You see here a +0 dagger {short}.
Partly explored, unvisited transporter.
(D) Dungeon (T) Temple
Where to? (Enter - D:4, ? - help)
There is a stone staircase leading down here.
You climb downwards.
Your mindless puppet stays behind to rot.
The orc priest shouts!
The orc shouts!
There is a stone staircase leading up here.
There are monsters nearby!
Unknown command.
Unknown command.
There are monsters nearby!
There are monsters nearby!
You strike the helpless orc from behind!
You hit the orc.
The orc is poisoned.
The orc hits you from afar with a +2 trident of venom.
You are poisoned.
The orc barely misses you. 😕 HP[-4]
You take 4 damage, and now have 57/61 hp.
You are too injured to fight recklessly!
You are too injured to fight recklessly!
You are too injured to fight recklessly!
You are too injured to fight recklessly!
You are too injured to fight recklessly!
You are too injured to fight recklessly!
You are too injured to fight recklessly!
You are too injured to fight recklessly!
You are too injured to fight recklessly!
You are too injured to fight recklessly!
You are too injured to fight recklessly!
You are too injured to fight recklessly!
You are too injured to fight recklessly!
You are too injured to fight recklessly!
You are too injured to fight recklessly!
You hit the orc.
You kill the orc!
You feel very sick. The orc barely misses you. 😕 HP[-4]
You take 4 damage, and now have 53/61 hp.
You completely miss the orc priest.
You feel sick. The orc priest hits you with a +0 whip.
The orc barely misses you. 😮 HP[-8]
You take 8 damage, and now have 45/61 hp.
You hit the orc priest but do no damage.
The orc priest is poisoned.
You feel sick. The orc priest hits you with a +0 whip.
The orc hits you from afar with a +2 trident of venom.
You are more poisoned. 😮 HP[-4]
You take 4 damage, and now have 41/61 hp.
You hit the orc priest but do no damage.
The orc priest looks as sick as possible!
You feel very sick. The orc priest barely misses you.
The orc hits you from afar with a +2 trident of venom.
You are more poisoned. 😮 HP[-6]
You take 6 damage, and now have 35/61 hp.
You closely miss the orc priest.
You feel very sick. The orc barely misses you.
The orc priest misses you. 😮 HP[-4]
You take 4 damage, and now have 31/61 hp.
You hit the orc priest but do no damage.
The orc priest looks as sick as possible!
You feel very sick. The orc priest hits you with a +0 whip.
* * * LOW HITPOINT WARNING * * *
The orc hits you from afar with a +2 trident of venom!
* * * LOW HITPOINT WARNING * * *
You are lethally poisoned! 😨 HP[-13]
You take 13 damage, and now have 18/61 hp.
MASSIVE DAMAGE!! (PAUSE) It was a potion of invisibility.
You fade into invisibility!
* * * LOW HITPOINT WARNING * * *
You feel extremely sick. The orc closely misses you.
The orc priest hits you but does no damage. 😱 HP[-7]
You take 7 damage, and now have 11/61 hp.
It was a potion of flight.
You feel very buoyant.
You fly up into the air.
* * * LOW HITPOINT WARNING * * *
You feel very sick. The orc priest hits you with a +0 whip.
* * * LOW HITPOINT WARNING * * *
The orc hits you from afar with a +2 trident of venom.
You die...
Your body rises from the dead as a mindless zombie.

Skill      XL: |  1  2  3  4  5  6 |
---------------+-------------------+-----
Fighting       | | 10.6
Invocations    | 1 2 |  2.4
Short Blades   | 1 2 |  2.1
Long Blades    | 1 2 |  2.1
Axes           | 1 2 |  2.1
Maces & Flails | 1 2 |  2.1
Polearms       | 1 2 |  2.1
Staves         | 1 2 |  2.1
Slings         | 1 2 |  2.1
Crossbows      | 1 2 |  2.1
Throwing       | 1 2 |  2.1
Armour         | 1 2 |  2.1
Dodging        | 1 2 |  2.1
Shields        | 1 2 |  2.1
Unarmed Combat | 1 2 |  2.1
Spellcasting   | 1 2 |  2.1
Evocations     | 1 2 |  2.1
Conjurations   | 1 |  1.7
Hexes          | 1 |  1.7
Summonings     | 1 |  1.7
Necromancy     | 1 |  1.7
Translocations | 1 |  1.7
Transmutations | 1 |  1.7
Fire Magic     | 1 |  1.7
Ice Magic      | 1 |  1.7
Air Magic      | 1 |  1.7
Earth Magic    | 1 |  1.7
Poison Magic   | 1 |  1.7
Bows           | |  6.9
Stealth        | |  4.7

Action                   |  1- 3 |  4- 6 || total
-------------------------+-------+-------++-------
Melee: Whip              |    22 |   124 ||   146
       Bite              |     1 |     9 ||    10
       Punch             |       |     2 ||     2
 Fire: Shortbow          |    69 |    23 ||    92
  Use: Potion            |       |     3 ||     3
       Scroll            |       |     2 ||     2
 Stab: Sleeping          |       |     4 ||     4
       Distracted        |       |     2 ||     2
Armor: Leather armour    |     7 |    36 ||    43
Dodge: Dodged            |    20 |    86 ||   106

Levels and vault maps discovered:
D:1:      minmay_arrival_radiant_lines, layout_rooms,
          dreamdust_ecumenical_altar_drowned_temple, serial_shops,
          nicolae_lakefront_shop
D:2:      layout_loops_ring, serial_rivers, chequers_serial_rivers_micro_a,
          chequers_serial_rivers_micro_e, chequers_serial_rivers_micro_a,
          chequers_serial_rivers_large_b, chequers_serial_rivers_room_b,
          kennysheep_potato
D:3:      layout_rooms
D:4:      gammafunk_steamed_eel, layout_loops_ring, grunt_gozag_statues,
          minmay_temple_entry_stoned_glass, serial_shops, shop,
          minmay_pentangle, uniq_blork_the_orc
D:5:      layout_basic, nicolae_ru_sacrificial_ziggurat, uniq_menkaure

Notes
Turn   | Place    | Note
-------+----------+-------------------------------------------
     0 | D:1      | Reached skill level 10 in Fighting
     0 | D:1      | spaghetti the Gnoll Wanderer began the quest for the Orb.
     0 | D:1      | spaghetti set off with the following items: a +3 shortbow
                  | {bow}, a +0 cloak, a scroll of silence {!r}, a +0 leather
                  | armour
     0 | D:1      | Reached XP level 1. HP: 29/29 MP: 1/1
     0 | D:1      | magus.rc [v1.9.6]
    40 | D:1      | Reached XP level 2. HP: 33/36 MP: 2/2
   157 | D:1      | You pick up a book of Conjurations {@e2} and begin
                  | reading...
   157 | D:1      | You add the spells Magic Dart, Searing Ray and Fulminant
                  | Prism to your library.
   299 | D:1      | Reached XP level 3. HP: 29/42 MP: 3/3
   441 | D:1      | Found a faded altar of an unknown god.
   454 | D:1      | Prayed at the altar of an unknown god.
   454 | D:1      | Became a worshipper of Yredelemnul the Dark
   454 | D:1      | Reached * piety under Yredelemnul
   519 | D:1      | Found Fookkur's Distillery.
   680 | D:2      | Reached skill level 1 in Invocations
   706 | D:2      | Reached skill level 1 in Short Blades
   706 | D:2      | Reached skill level 1 in Long Blades
   706 | D:2      | Reached skill level 1 in Axes
   706 | D:2      | Reached skill level 1 in Maces & Flails
   706 | D:2      | Reached skill level 1 in Polearms
   706 | D:2      | Reached skill level 1 in Staves
   706 | D:2      | Reached skill level 1 in Slings
   706 | D:2      | Reached skill level 1 in Crossbows
   706 | D:2      | Reached skill level 1 in Throwing
   706 | D:2      | Reached skill level 1 in Armour
   706 | D:2      | Reached skill level 1 in Dodging
   706 | D:2      | Reached skill level 1 in Shields
   706 | D:2      | Reached skill level 1 in Unarmed Combat
   706 | D:2      | Reached skill level 1 in Spellcasting
   706 | D:2      | Reached skill level 1 in Evocations
   754 | D:2      | Reached XP level 4. HP: 48/48 MP: 5/5
   802 | D:2      | You add the spells Ignite Poison, Mephitic Cloud and
                  | Freezing Cloud to your library.
   867 | D:2      | Reached ** piety under Yredelemnul
  1602 | D:3      | Reached skill level 1 in Conjurations
  1602 | D:3      | Reached skill level 1 in Hexes
  1602 | D:3      | Reached skill level 1 in Summonings
  1602 | D:3      | Reached skill level 1 in Necromancy
  1602 | D:3      | Reached skill level 1 in Translocations
  1602 | D:3      | Reached skill level 1 in Transmutations
  1602 | D:3      | Reached skill level 1 in Fire Magic
  1602 | D:3      | Reached skill level 1 in Ice Magic
  1602 | D:3      | Reached skill level 1 in Air Magic
  1602 | D:3      | Reached skill level 1 in Earth Magic
  1602 | D:3      | Reached skill level 1 in Poison Magic
  1610 | D:3      | Reached XP level 5. HP: 19/54 MP: 6/6
  2446 | D:4      | Found Yzomidio's Magic Scroll Shoppe.
  2455 | D:4      | Found a staircase to the Ecumenical Temple.
  2472 | D:4      | Noticed Blork the orc
  2486 | D:4      | Killed Blork the orc
  2487 | D:4      | Reached skill level 2 in Invocations
  2487 | D:4      | Reached XP level 6. HP: 20/61 MP: 8/8
  2695 | D:4      | Found an opulent altar of Gozag.
  2750 | D:4      | Found a transporter.
  2826 | D:4      | Found a transporter.
  2884 | D:4      | Your ally Blork died
  3101 | D:4      | Reached skill level 2 in Short Blades
  3101 | D:4      | Reached skill level 2 in Long Blades
  3101 | D:4      | Reached skill level 2 in Axes
  3101 | D:4      | Reached skill level 2 in Maces & Flails
  3101 | D:4      | Reached skill level 2 in Polearms
  3101 | D:4      | Reached skill level 2 in Staves
  3101 | D:4      | Reached skill level 2 in Slings
  3101 | D:4      | Reached skill level 2 in Crossbows
  3101 | D:4      | Reached skill level 2 in Throwing
  3101 | D:4      | Reached skill level 2 in Armour
  3101 | D:4      | Reached skill level 2 in Dodging
  3101 | D:4      | Reached skill level 2 in Shields
  3101 | D:4      | Reached skill level 2 in Unarmed Combat
  3101 | D:4      | Reached skill level 2 in Spellcasting
  3101 | D:4      | Reached skill level 2 in Evocations
  3226 | D:4      | You pick up a book of Cantrips and begin reading...
  3226 | D:4      | You add the spells Necrotize, Summon Small Mammal and
                  | Apportation to your library.
  3812 | D:5      | Entered Level 5 of the Dungeon
  3820 | D:5      | HP: 11/61 [poisoned by an orc]
  3821 | D:5      | HP: 5/61 [poisoned by an orc]
  3821 | D:5      | Slain by an orc

Vanquished Creatures
  Blork the orc (D:4)
  A scorpion (D:4)
  An orc priest (D:4)
  2 hounds (D:4)
  An orc wizard (D:3)
  2 adders
  3 gnolls (D:3)
  3 worms
  9 orcs
  5 bats
  6 endoplasms
  5 giant cockroaches
  8 goblins
  8 hobgoblins
  9 jackals
  5 quokkas
  5 ball pythons
  5 frilled lizards
  12 kobolds
  5 rats
  A spectral kobold (D:1)
97 creatures vanquished.

Vanquished Creatures (collateral kills)
  An endoplasm (D:2)
  2 hobgoblins
  A jackal (D:3)
  A ball python (D:1)
  A bat (D:1)
  2 goblins
8 creatures vanquished.

Vanquished Creatures (others)
  An adder zombie (D:4)
  2 orc zombies (D:4)
  2 ball python zombies
  An endoplasm zombie (D:2)
  A giant cockroach zombie (D:4)
  A goblin zombie (D:2)
  2 hobgoblin zombies
  A jackal zombie (D:3)
  3 kobold zombies
  2 quokka zombies
16 creatures vanquished.

Grand Total: 121 creatures vanquished

Table legend:
 A = Non-vault XP
 B = Vault XP
 C = Vault XP percentage of total XP
 D = Non-vault monster count
 E = Vault monster count
 F = Vault count percentage of total count
                 A         B        C        D         E       F
            +---------+---------+-------+---------+---------+-------
      Total |     307 |     281 |  47.8 |      91 |      14 |  13.3
            +---------+---------+-------+---------+---------+-------
        D:1 |      49 |       1 |   2.0 |      31 |       1 |   3.1
        D:2 |      48 |       3 |   5.9 |      19 |       2 |   9.5
        D:3 |     125 |       0 |   0.0 |      27 |       0 |   0.0
        D:4 |      82 |     277 |  77.2 |      13 |      11 |  45.8
        D:5 |       3 |       0 |   0.0 |       1 |       0 |   0.0
            +---------+---------+-------+---------+---------+-------

Illustrated notes

Table legend:
 A = Kills in this place as a percentage of kills in entire the game.
 B = Kills by you in this place as a percentage of kills by you in the entire game.
 C = Kills by friends in this place as a percentage of kills by friends in the entire game.
 D = Other kills in this place as a percentage of other kills in the entire game.
 E = Experience gained in this place as a percentage of experience gained in the entire game.
 F = Experience gained in this place divided by the number of levels of this place that you have seen.
                   A       B       C       D       E      F
               +-------+-------+-------+-------+-------+----------------------
         Total | 100.0 | 100.0 | 100.0 |   N/A | 100.0 | 117.6
       Dungeon | 100.0 | 100.0 | 100.0 |   N/A | 100.0 | 117.6
               +-------+-------+-------+-------+-------+----------------------

Table legend: (Time is in decaauts)
 A = Elapsed time spent in this place.
 B = Non-inter-level travel time spent in this place.
 C = Inter-level travel time spent in this place.
 D = Time resting spent in this place.
 E = Time spent auto-exploring this place.
 F = Levels seen in this place.
 G = Mean time per level.
                   A        B        C        D        E       F      G
               +--------+--------+--------+--------+--------+-----+--------+
         Total |   3879 |   3791 |     88 |    137 |   3140 |   5 |  775.8 |
       Dungeon |   3879 |   3791 |     88 |    137 |   3140 |   5 |  775.8 |
               +--------+--------+--------+--------+--------+-----+--------+

Top non-repeatable levels by time:
     D:4: 1396 daAuts
     D:2: 949 daAuts
     D:3: 902 daAuts
     D:1: 623 daAuts
     D:5: 8 daAuts
